[Event "5th EKA IIFL Investment 2019"]
[Site "Mumbai"]
[Date "2019.12.31"]
[Round "2.24"]
[White "Neelash Saha"]
[Black "Mahindrakar Indrajeet"]
[Result "1-0"]
[ECO "E71"]
[WhiteElo "2356"]
[BlackElo "2042"]
[Annotator "ChessBase"]
[PlyCount "139"]
[EventDate "2019.12.30"]
[EventType "swiss"]
[EventCountry "IND"]
[SourceTitle "playchess.com"]
[Source "ChessBase"]
[SourceQuality "1"]
[TimeControl "40/5400+30:1800+30"]

1. d4 Nf6 2. c4 g6 3. Nc3 Bg7 4. e4 d6 5. h3 O-O 6. Be3 e5 7. d5 Nbd7 8. g4 Nc5 9. f3 a5 10. h4 Ne8 11. h5 Bf6 12. Qd2 Bh4+ 13. Kd1 g5 14. Kc2 Kh8 15. Bd3 Rg8 16. Nge2 Bd7 17. Rad1 a4 18. Kb1 Ra6 19. Bc2 Qa8 20. Nb5 Qd8 21. Rhg1 Bxb5 22. cxb5 Ra8 23. Qb4 Qe7 24. Nc3 Nf6 25. Nxa4 Nfd7 26. Nxc5 dxc5 27. Qc3 Qd6 28. a4 b6 29. b3 h6 30. Bd3 Kh7 31. Rdf1 Kh8 32. Kc2 Qe7 33. Bc1 Rgd8 34. Bb2 Kg8 35. Rg2 Ra7 36. Bc4 Qd6 37. Rh1 Re8 38. Qe3 Kh7 39. Bc1 Rg8 40. Rh3 Raa8 41. Kd1 Nf8 42. Ke2 Rd8 43. Rg1 Qf6 44. Kf1 Rd6 45. Kg2 Nd7 46. Bd2 Ra8 47. Ra1 Nf8 48. Rhh1 Qd8 49. Ra2 Qf6 50. Qc3 Ra5 51. Rc1 Kg8 52. Be2 Nd7 53. Be3 Kg7 54. b4 cxb4 55. Qxb4 Ra7 56. a5 Kh7 57. Qd2 Nf8 58. axb6 Rxa2 59. Qxa2 cxb6 60. Qa8 Kg7 61. Rc8 Qe7 62. Bd2 Rf6 63. Bc3 Rf4 64. Qb8 Nd7 65. Rg8+ Kf6 66. Qc7 Qc5 67. Qd8+ Qe7 68. Bb4 Nc5 69. Bxc5 bxc5 70. b6 1-0

[Event "5th EKA IIFL Investment 2019"]
[Site "Mumbai"]
[Date "2019.12.31"]
[Round "2.25"]
[White "Jay Kundaliya"]
[Black "Kaustuv, Kundu"]
[Result "0-1"]
[ECO "D07"]
[WhiteElo "2088"]
[BlackElo "2349"]
[Annotator "ChessBase"]
[PlyCount "128"]
[EventDate "2019.12.30"]
[EventType "swiss"]
[EventCountry "IND"]
[SourceTitle "playchess.com"]
[Source "ChessBase"]
[SourceQuality "1"]
[TimeControl "40/5400+30:1800+30"]

1. d4 d5 2. c4 Nc6 3. e3 e5 4. dxe5 Nxe5 5. Qxd5 Bd6 6. Qd1 Nf6 7. Nc3 O-O 8. Nf3 Nxf3+ 9. gxf3 c6 10. Qc2 Qc7 11. Bd2 Be6 12. h4 b5 13. cxb5 cxb5 14. Bxb5 Rab8 15. Bd3 Rfc8 16. Ke2 Qb7 17. Rhb1 Rc5 18. Qa4 Rh5 19. Ne4 Nxe4 20. Bxe4 Qe7 21. Bc3 Bb4 22. a3 Bxc3 23. bxc3 Rc8 24. Rb7 Bc4+ 25. Qxc4 Qxb7 26. Rd1 Qb5 27. Qxb5 Rxb5 28. Rd7 Rb2+ 29. Kd3 Rb3 30. Kd4 Rbxc3 31. Rxa7 Rc1 32. a4 g6 33. a5 Rd1+ 34. Ke5 Re8+ 35. Kf4 Kg7 36. a6 Rd6 37. Bb7 Kh6 38. e4 Rf6+ 39. Kg3 g5 40. hxg5+ Kxg5 41. Bd5 Rg8 42. f4+ Rxf4 43. Rxf7 Rxf7 44. Bxf7 Ra8 45. Bc4 Rc8 46. f4+ Kg6 47. Bd5 Rc3+ 48. Kg4 Ra3 49. Bb7 Ra4 50. e5 h5+ 51. Kf3 Ra3+ 52. Ke4 h4 53. Kd5 h3 54. Ke6 h2 55. f5+ Kg5 56. f6 Rxa6+ 57. Bxa6 h1=Q 58. f7 Qc6+ 59. Ke7 Qc5+ 60. Ke8 Qxe5+ 61. Kd7 Qf5+ 62. Ke7 Qf6+ 63. Ke8 Qe6+ 64. Kf8 Kf6 0-1

[Event "5th EKA IIFL Investment 2019"]
[Site "Mumbai"]
[Date "2019.12.31"]
[Round "2.26"]
[White "Shiva Pavan Teja Sharma U"]
[Black "Harshavardhan G B"]
[Result "1/2-1/2"]
[ECO "B67"]
[WhiteElo "2072"]
[BlackElo "2344"]
[Annotator "ChessBase"]
[PlyCount "133"]
[EventDate "2019.12.30"]
[EventType "swiss"]
[EventCountry "IND"]
[SourceTitle "playchess.com"]
[Source "ChessBase"]
[SourceQuality "1"]
[TimeControl "40/5400+30:1800+30"]

1. e4 c5 2. Nf3 d6 3. d4 cxd4 4. Nxd4 Nf6 5. Nc3 Nc6 6. Bg5 e6 7. Qd2 a6 8. O-O-O Bd7 9. f3 Be7 10. Be3 h5 11. Kb1 Qc7 12. Be2 Nxd4 13. Bxd4 b5 14. Bxf6 gxf6 15. Bd3 Qb6 16. Rhf1 O-O-O 17. Qf2 Kb7 18. f4 Qxf2 19. Rxf2 Bc6 20. f5 b4 21. Ne2 e5 22. c4 Rdg8 23. Ng3 Rg4 24. Re1 Rhg8 25. Ree2 Bd8 26. Nxh5 Rh8 27. h3 Rgg8 28. g4 Rh6 29. Rg2 a5 30. b3 Kc7 31. Bc2 Kd7 32. Rd2 Kc7 33. Kc1 Be7 34. Kd1 Rhh8 35. Ke1 Ra8 36. Kd1 a4 37. Rge2 axb3 38. Bxb3 Ra3 39. Kc1 Rha8 40. Kb1 Ba4 41. Rd3 Kc6 42. Red2 Bxb3 43. Rxb3 Bd8 44. Rbd3 Rxd3 45. Rxd3 Be7 46. Ng3 Kc5 47. Nf1 Kxc4 48. Rd5 Kc3 49. Ne3 b3 50. axb3 Rb8 51. Ka2 Ra8+ 52. Kb1 Rh8 53. Rd1 Kxb3 54. Rd3+ Ka4 55. Nd5 Bd8 56. Kc2 Kb5 57. Kd1 Rh6 58. Ke2 Ba5 59. Nxf6 Bd8 60. Nd5 Bg5 61. Nc3+ Kc4 62. Nd5 Rh8 63. Nb6+ Kc5 64. Na4+ Kb4 65. Nb6 Kc5 66. Na4+ Kb4 67. Nb6 1/2-1/2

[Event "5th EKA IIFL Investment 2019"]
[Site "Mumbai"]
[Date "2019.12.31"]
[Round "2.27"]
[White "Ameir, Moheb"]
[Black "Sri Sai Baswanth P"]
[Result "1-0"]
[ECO "B06"]
[WhiteElo "2342"]
[BlackElo "2027"]
[Annotator "ChessBase"]
[PlyCount "67"]
[EventDate "2019.12.30"]
[EventType "swiss"]
[EventCountry "IND"]
[SourceTitle "playchess.com"]
[Source "ChessBase"]
[SourceQuality "1"]
[TimeControl "40/5400+30:1800+30"]

1. e4 g6 2. d4 Bg7 3. Nc3 c6 4. Nf3 d6 5. Be2 Nf6 6. O-O O-O 7. h3 Nbd7 8. a4 e5 9. dxe5 Nxe5 10. Nd4 Re8 11. Re1 a5 12. Bf1 Ned7 13. Nb3 Nb6 14. Bf4 d5 15. Qd2 Nc4 16. Bxc4 dxc4 17. Qxd8 Rxd8 18. Nxa5 Nh5 19. Bh2 Rd4 20. Bc7 Rd7 21. Bb6 Rd2 22. Rad1 Rxd1 23. Rxd1 Bf6 24. Nxc4 Be6 25. Nd6 Bxc3 26. bxc3 Rxa4 27. e5 Ra2 28. Ne8 Kf8 29. Rd8 Ke7 30. Rb8 Rxc2 31. g4 Nf4 32. Nf6 Bd7 33. Rxb7 Rd2 34. Bd4 1-0

[Event "5th EKA IIFL Investment 2019"]
[Site "Mumbai"]
[Date "2019.12.31"]
[Round "2.35"]
[White "Shyaamnikhil P"]
[Black "Varun, Vij"]
[Result "1-0"]
[ECO "A49"]
[WhiteElo "2455"]
[BlackElo "1964"]
[Annotator "ChessBase"]
[PlyCount "69"]
[EventDate "2019.12.30"]
[EventType "swiss"]
[EventCountry "IND"]
[SourceTitle "playchess.com"]
[Source "ChessBase"]
[SourceQuality "1"]
[TimeControl "40/5400+30:1800+30"]

1. d4 Nf6 2. Nf3 g6 3. g3 Bg7 4. Bg2 O-O 5. O-O d6 6. a4 c6 7. Re1 Nbd7 8. e4 e5 9. c3 Qc7 10. Nbd2 Re8 11. a5 Rb8 12. Nc4 b5 13. axb6 axb6 14. dxe5 dxe5 15. Nd6 Re6 16. Nxc8 Rxc8 17. b4 b5 18. Qe2 Ree8 19. Nd2 Bf8 20. Nb3 c5 21. bxc5 Nxc5 22. Nxc5 Qxc5 23. Bd2 Red8 24. Reb1 Rb8 25. Bg5 Rd6 26. Rb3 Ne8 27. Be3 Qc6 28. Rab1 Rdd8 29. Rxb5 Rxb5 30. Qxb5 Qxc3 31. Rc1 Qd3 32. Qxe5 Bg7 33. Qa5 Nf6 34. Bf1 Qd7 35. Bb5 1-0

[Event "5th EKA IIFL Investment 2019"]
[Site "Mumbai"]
[Date "2019.12.31"]
[Round "2.36"]
[White "Pandey Srishti"]
[Black "Koustav Chatterjee"]
[Result "1/2-1/2"]
[ECO "D93"]
[WhiteElo "2162"]
[BlackElo "2447"]
[Annotator "ChessBase"]
[PlyCount "81"]
[EventDate "2019.12.30"]
[EventType "swiss"]
[EventCountry "IND"]
[SourceTitle "playchess.com"]
[Source "ChessBase"]
[SourceQuality "1"]
[TimeControl "40/5400+30:1800+30"]

1. d4 Nf6 2. Nf3 g6 3. c4 Bg7 4. Nc3 d5 5. Bf4 O-O 6. e3 c5 7. dxc5 Ne4 8. Rc1 Nd7 9. cxd5 Qa5 10. Nd2 Nxc3 11. bxc3 Qxa2 12. Bc4 Qa3 13. O-O Qxc5 14. Bb3 b5 15. c4 Qb4 16. cxb5 Nc5 17. Bc4 Bf5 18. d6 Nd3 19. e4 Nxc1 20. exf5 Nd3 21. dxe7 Rfe8 22. Bg5 Ne5 23. Bd5 Rab8 24. Nf3 Rxe7 25. Bxe7 Qxe7 26. fxg6 hxg6 27. Nxe5 Bxe5 28. Qg4 Kg7 29. Bc6 Qf6 30. g3 Bd4 31. Qe2 Rd8 32. Qf3 Bb6 33. Kg2 Qb2 34. Bd5 Rd7 35. Qb3 Qd4 36. Bf3 Rc7 37. Bc6 Re7 38. Qd1 Qb2 39. Qa1 Qxa1 40. Rxa1 Re2 41. Rf1 1/2-1/2

[Event "5th EKA IIFL Investment 2019"]
[Site "Mumbai"]
[Date "2019.12.31"]
[Round "2.37"]
[White "Rahman, Ziaur"]
[Black "Manish Kumar"]
[Result "1-0"]
[ECO "A15"]
[WhiteElo "2440"]
[BlackElo "2168"]
[Annotator "ChessBase"]
[PlyCount "141"]
[EventDate "2019.12.30"]
[EventType "swiss"]
[EventCountry "IND"]
[SourceTitle "playchess.com"]
[Source "ChessBase"]
[SourceQuality "1"]
[TimeControl "40/5400+30:1800+30"]

1. c4 Nf6 2. Nf3 g6 3. b3 Bg7 4. Bb2 O-O 5. g3 d5 6. Bg2 c5 7. cxd5 Nxd5 8. Bxg7 Kxg7 9. O-O Nc6 10. d4 cxd4 11. Nxd4 Nxd4 12. Qxd4+ Nf6 13. Qe5 Qd6 14. Qxd6 exd6 15. Nc3 Rd8 16. Rfd1 Ne8 17. Rd4 Kf8 18. Rad1 Ke7 19. Nd5+ Kf8 20. Ne3 Rb8 21. Nc4 Ke7 22. Na5 Rd7 23. Rb4 Kf8 24. Rc4 Re7 25. Rdc1 Bd7 26. e3 b6 27. Nc6 Bxc6 28. Rxc6 Rbb7 29. R6c4 Rbc7 30. Bc6 Re5 31. b4 Ke7 32. e4 Kd8 33. f4 Re6 34. Rd1 Kc8 35. e5 f6 36. exf6 Nxf6 37. b5 Kd8 38. h3 Ke7 39. g4 Nd7 40. Rcd4 Nc5 41. Kf2 a6 42. Bd5 Rf6 43. Re1+ Kf8 44. bxa6 Nxa6 45. g5 Rf5 46. Be6 Rc2+ 47. Kg1 Rfc5 48. Rxd6 Rc1 49. Rd8+ Ke7 50. Rd7+ Ke8 51. Rdd1 Rxd1 52. Rxd1 Ke7 53. Bg8 Rc7 54. Bxh7 Rc4 55. Rf1 Kf7 56. f5 gxf5 57. Bxf5 Kg7 58. Kg2 Nc5 59. Kg3 Ne4+ 60. Bxe4 Rxe4 61. Rf6 b5 62. h4 Ra4 63. Rb6 Rxa2 64. Rxb5 Ra4 65. Rf5 Kg6 66. Rf6+ Kg7 67. Rf4 Ra5 68. Kg4 Ra1 69. Rb4 Ra7 70. h5 Rc7 71. h6+ 1-0

[Event "5th EKA IIFL Investment 2019"]
[Site "Mumbai"]
[Date "2019.12.31"]
[Round "2.38"]
[White "Patil, Pratik"]
[Black "Khusenkhojaev, Muhammad"]
[Result "1/2-1/2"]
[ECO "C95"]
[WhiteElo "2167"]
[BlackElo "2427"]
[Annotator "ChessBase"]
[PlyCount "168"]
[EventDate "2019.12.30"]
[EventType "swiss"]
[EventCountry "IND"]
[SourceTitle "playchess.com"]
[Source "ChessBase"]
[SourceQuality "1"]
[TimeControl "40/5400+30:1800+30"]

1. e4 e5 2. Nf3 Nc6 3. Bb5 a6 4. Ba4 Nf6 5. O-O Be7 6. Re1 b5 7. Bb3 d6 8. c3 O-O 9. h3 Nb8 10. d4 Nbd7 11. Nbd2 Bb7 12. Bc2 Re8 13. Nf1 Bf8 14. Ng3 g6 15. Bg5 h6 16. Bd2 c5 17. d5 c4 18. b3 Qc7 19. Qe2 Rec8 20. Reb1 Nb6 21. Nf1 Nfd7 22. Ne3 h5 23. bxc4 Nxc4 24. Nxc4 Qxc4 25. Qxc4 Rxc4 26. Ne1 Kh7 27. a4 Nc5 28. f3 Bh6 29. Bxh6 Kxh6 30. axb5 Rxc3 31. bxa6 Rxa6 32. Rxa6 Bxa6 33. Kf2 Rxc2+ 34. Nxc2 Bd3 35. Rb2 Bxe4 36. Nb4 Bf5 37. g4 hxg4 38. hxg4 Bc8 39. Ke3 Kg5 40. Ra2 Bb7 41. Rh2 Kf6 42. Rh8 Nd7 43. Nc6 Kg5 44. Rd8 Nf6 45. Rxd6 Nxd5+ 46. Rxd5 Bxc6 47. Rxe5+ Kf6 48. Ra5 Bd7 49. Ra6+ Kg5 50. Rd6 Be6 51. Ke4 Kf6 52. Ra6 g5 53. Rb6 Ke7 54. Rb7+ Kf6 55. Rb5 Bd7 56. Rc5 Be6 57. Rc7 Bb3 58. Rc1 Be6 59. Rh1 Ke7 60. Rh7 Kf6 61. Rh6+ Kg7 62. Rh2 f6 63. Rb2 Kf7 64. Rb6 Ke7 65. Kd4 Kf7 66. Kc5 Ke7 67. Rb7+ Kf8 68. Kd6 Bc4 69. Rb4 Ba2 70. Ra4 Bb3 71. Rb4 Ba2 72. f4 gxf4 73. Rxf4 Kf7 74. g5 Kg6 75. gxf6 Kf7 76. Ke5 Bb3 77. Rb4 Ba2 78. Kf5 Bd5 79. Rb6 Bc4 80. Rb7+ Kf8 81. Rc7 Ba2 82. Rc2 Bb1 83. f7 Kxf7 84. Ke5 Bxc2 1/2-1/2

[Event "5th EKA IIFL Investment 2019"]
[Site "Mumbai"]
[Date "2019.12.31"]
[Round "2.39"]
[White "Tiwari, Arjun"]
[Black "Sundararajan, Kidambi"]
[Result "1/2-1/2"]
[ECO "C00"]
[WhiteElo "2101"]
[BlackElo "2414"]
[Annotator "ChessBase"]
[PlyCount "48"]
[EventDate "2019.12.30"]
[EventType "swiss"]
[EventCountry "IND"]
[SourceTitle "playchess.com"]
[Source "ChessBase"]
[SourceQuality "1"]
[TimeControl "40/5400+30:1800+30"]

1. e4 e6 2. d3 d5 3. Nd2 c5 4. Ngf3 Nc6 5. g3 Bd6 6. Bg2 Nge7 7. O-O O-O 8. Re1 Bc7 9. c3 b6 10. a3 dxe4 11. dxe4 a5 12. a4 Ba6 13. Bf1 Bxf1 14. Kxf1 e5 15. Nc4 Qc8 16. Kg2 Qe6 17. Qb3 h6 18. Nfd2 Rad8 19. Na3 Qg6 20. Nb5 Bb8 21. Nc4 Nc8 22. Nba3 Bc7 23. Nb5 Bb8 24. Nba3 Bc7 1/2-1/2

[Event "5th EKA IIFL Investment 2019"]
[Site "Mumbai"]
[Date "2019.12.31"]
[Round "2.40"]
[White "Rajesh, V A V"]
[Black "Kulkarni, Vinayak"]
[Result "1-0"]
[ECO "D32"]
[WhiteElo "2393"]
[BlackElo "2167"]
[Annotator "ChessBase"]
[PlyCount "53"]
[EventDate "2019.12.30"]
[EventType "swiss"]
[EventCountry "IND"]
[SourceTitle "playchess.com"]
[Source "ChessBase"]
[SourceQuality "1"]
[TimeControl "40/5400+30:1800+30"]

1. d4 d5 2. c4 e6 3. Nf3 c5 4. cxd5 exd5 5. Nc3 Nf6 6. Bg5 Be7 7. e3 Nc6 8. dxc5 Be6 9. Rc1 Bxc5 10. Nxd5 Bxd5 11. Rxc5 Bxa2 12. Qxd8+ Rxd8 13. Bb5 Bd5 14. Nd4 Ne4 15. Nxc6 bxc6 16. Rxd5 Rxd5 17. Bxc6+ Kf8 18. Bxd5 Nxg5 19. Ke2 Ke7 20. Ra1 Rb8 21. Rxa7+ Kd6 22. Rb7 Rc8 23. e4 Re8 24. Kd3 f5 25. Rxg7 fxe4+ 26. Kd4 h6 27. Rg6+ {[%emt 0:00:34] Kxd5+ Kxe4+} 1-0

[Event "5th EKA IIFL Investment 2019"]
[Site "Mumbai"]
[Date "2019.12.31"]
[Round "2.41"]
[White "Zia, Tahsin Tajwar"]
[Black "Konguvel, Ponnuswamy"]
[Result "0-1"]
[ECO "A48"]
[WhiteElo "2148"]
[BlackElo "2367"]
[Annotator "ChessBase"]
[PlyCount "78"]
[EventDate "2019.12.30"]
[EventType "swiss"]
[EventCountry "IND"]
[SourceTitle "playchess.com"]
[Source "ChessBase"]
[SourceQuality "1"]
[TimeControl "40/5400+30:1800+30"]

1. d4 Nf6 2. Nf3 g6 3. Bf4 Bg7 4. e3 O-O 5. h3 b6 6. a4 a6 7. Be2 Bb7 8. O-O d6 9. c4 Nc6 10. Nc3 Re8 11. d5 Nb4 12. a5 bxa5 13. Rxa5 c6 14. Qa4 Qb6 15. e4 Nd7 16. Be3 Nc5 17. Bxc5 dxc5 18. Ra1 cxd5 19. Nxd5 Nxd5 20. cxd5 Qxb2 21. Ra2 Qb1+ 22. Kh2 Qb4 23. Qc2 e6 24. Bxa6 Bxa6 25. Rxa6 Rxa6 26. Rxa6 exd5 27. exd5 Qf4+ 28. Kh1 Bf8 29. Qd2 Qc4 30. Ra1 Re2 31. Qg5 Rxf2 32. Ra8 h6 33. Qg3 Qf1+ 34. Ng1 Kg7 35. Qe5+ Kh7 36. Qe4 Bd6 37. Rd8 Be5 38. d6 Bd4 39. d7 Rd2 0-1

[Event "5th EKA IIFL Investment 2019"]
[Site "Mumbai"]
[Date "2019.12.31"]
[Round "2.42"]
[White "Muthaiah AL"]
[Black "Bommini Mounika Akshaya"]
[Result "1-0"]
[ECO "A20"]
[WhiteElo "2363"]
[BlackElo "2113"]
[Annotator "ChessBase"]
[PlyCount "105"]
[EventDate "2019.12.30"]
[EventType "swiss"]
[EventCountry "IND"]
[SourceTitle "playchess.com"]
[Source "ChessBase"]
[SourceQuality "1"]
[TimeControl "40/5400+30:1800+30"]

1. c4 e5 2. g3 c6 3. d4 e4 4. d5 cxd5 5. cxd5 Nf6 6. Nc3 Bb4 7. Bd2 Qa5 8. Bg2 O-O 9. a3 Bxc3 10. Bxc3 Qxd5 11. Bxf6 Qxd1+ 12. Rxd1 gxf6 13. Bxe4 Nc6 14. Nf3 Re8 15. Bf5 Re7 16. e3 b6 17. Rd6 Bb7 18. O-O Nd8 19. Nd4 Ne6 20. Rc1 Rae8 21. Bb1 Nxd4 22. Rxd4 h6 23. Rd6 Kg7 24. Rc7 Rc8 25. Rxb7 Rc1+ 26. Kg2 Rxb1 27. Rd2 Re5 28. Rxa7 Rb5 29. b4 d5 30. Rd7 Rb3 31. R7xd5 Rxd5 32. Rxd5 Rxa3 33. Rd6 Ra6 34. g4 Kg6 35. Kg3 Kg7 36. b5 Ra4 37. Rxb6 Rb4 38. Rb8 Kh7 39. b6 Kg7 40. b7 Kh7 41. h4 Kg7 42. f4 Rb3 43. Kf3 Rb1 44. g5 hxg5 45. fxg5 fxg5 46. hxg5 Rb5 47. e4 Rb3+ 48. Kf4 Rb4 49. Ke3 Rb3+ 50. Kd4 Rb4+ 51. Kc3 Rb1 52. e5 Rb6 53. g6 1-0

[Event "5th EKA IIFL Investment 2019"]
[Site "Mumbai"]
[Date "2019.12.31"]
[Round "2.43"]
[White "Anuj Shrivatri"]
[Black "Tarini Goyal"]
[Result "0-1"]
[ECO "D35"]
[WhiteElo "2348"]
[BlackElo "2098"]
[Annotator "ChessBase"]
[PlyCount "60"]
[EventDate "2019.12.30"]
[EventType "swiss"]
[EventCountry "IND"]
[SourceTitle "playchess.com"]
[Source "ChessBase"]
[SourceQuality "1"]
[TimeControl "40/5400+30:1800+30"]

1. c4 e6 2. Nc3 d5 3. d4 Nf6 4. cxd5 exd5 5. Bg5 c6 6. e3 Be7 7. Bd3 Nbd7 8. h3 Nf8 9. Qc2 g6 10. Nge2 Ne6 11. Bh4 Ng7 12. f3 O-O 13. O-O-O b5 14. g4 a5 15. Nf4 a4 16. Nce2 Ba6 17. Kb1 Qd7 18. Bg5 b4 19. Bxa6 Rxa6 20. Nd3 b3 21. axb3 axb3 22. Qxb3 Qa7 23. Bxf6 Bxf6 24. Kc2 Rb8 25. Qc3 Ne6 26. Rb1 c5 27. Nxc5 Nxc5 28. Qxc5 Qb7 29. Nc3 Rc8 30. b4 Be7 0-1

[Event "5th EKA IIFL Investment 2019"]
[Site "Mumbai"]
[Date "2019.12.31"]
[Round "2.44"]
[White "Sahoo, Utkal Ranjan"]
[Black "Sarbojit Paul"]
[Result "1-0"]
[ECO "D20"]
[WhiteElo "2329"]
[BlackElo "2084"]
[Annotator "ChessBase"]
[PlyCount "79"]
[EventDate "2019.12.30"]
[EventType "swiss"]
[EventCountry "IND"]
[SourceTitle "playchess.com"]
[Source "ChessBase"]
[SourceQuality "1"]
[TimeControl "40/5400+30:1800+30"]

1. d4 d5 2. c4 dxc4 3. e3 e5 4. Bxc4 exd4 5. Qb3 Qe7 6. Nf3 Qb4+ 7. Ke2 Qxb3 8. axb3 Nc6 9. exd4 Bg4 10. Be3 Be7 11. Nc3 a6 12. h3 Bxf3+ 13. Kxf3 Rd8 14. Rad1 Nf6 15. g4 O-O 16. h4 Rd7 17. g5 Nh5 18. Kg2 Bd6 19. Ne4 Rfd8 20. d5 Ne7 21. Kf3 Nf5 22. Nxd6 Rxd6 23. Bc5 R6d7 24. Kg4 g6 25. Rhe1 Nhg7 26. Re5 h5+ 27. Kh3 c6 28. Bb6 Rb8 29. b4 Nd6 30. Bb3 Nc8 31. Be3 Ne7 32. dxc6 Nxc6 33. Rxd7 Nxe5 34. Re7 Re8 35. Rxb7 Ne6 36. Bxe6 Rxe6 37. Rb8+ Kh7 38. Bd4 f6 39. gxf6 Nf7 40. Rf8 1-0

[Event "5th EKA IIFL Investment 2019"]
[Site "Mumbai"]
[Date "2019.12.31"]
[Round "2.45"]
[White "Laddha, Shubh Jayesh"]
[Black "Krishnater Kushager"]
[Result "0-1"]
[ECO "B31"]
[WhiteElo "1975"]
[BlackElo "2308"]
[Annotator "ChessBase"]
[PlyCount "100"]
[EventDate "2019.12.30"]
[EventType "swiss"]
[EventCountry "IND"]
[SourceTitle "playchess.com"]
[Source "ChessBase"]
[SourceQuality "1"]
[TimeControl "40/5400+30:1800+30"]

1. e4 c5 2. Nf3 Nc6 3. Bb5 g6 4. Bxc6 dxc6 5. d3 Bg7 6. h3 e5 7. a3 Qe7 8. Nc3 Nf6 9. Be3 Nd7 10. Qd2 h6 11. Nh2 Nf8 12. O-O Ne6 13. b4 f5 14. exf5 gxf5 15. Bxc5 Nxc5 16. bxc5 Qxc5 17. Ne2 O-O 18. Ng3 Qd6 19. Rab1 f4 20. Ne4 Qxa3 21. Nf3 Qe7 22. Rfe1 Bf5 23. Qc3 Kh8 24. Rb2 Rac8 25. Ra1 b6 26. Qa3 Qxa3 27. Rxa3 Rc7 28. Rba2 Bxe4 29. dxe4 Rff7 30. Nh4 Rfd7 31. Nf5 Bf8 32. Rb3 Rd1+ 33. Kh2 Bc5 34. c3 Kh7 35. g3 Re1 36. f3 Rd7 37. gxf4 exf4 38. Nd4 a5 39. Rg2 a4 40. Rbb2 b5 41. Ne6 Rdd1 42. Nxf4 Bd6 43. Kg3 h5 44. Kh4 Bxf4 45. Kxh5 Rg1 46. Rg4 Rxg4 47. Kxg4 a3 48. Ra2 Bc1 49. e5 Bb2 50. Kf5 Kg7 0-1

[Event "5th EKA IIFL Investment 2019"]
[Site "Mumbai"]
[Date "2019.12.31"]
[Round "2.46"]
[White "Ghelani Dhairya"]
[Black "Manish Anto Cristiano F"]
[Result "1/2-1/2"]
[ECO "E46"]
[WhiteElo "2027"]
[BlackElo "2280"]
[Annotator "ChessBase"]
[PlyCount "104"]
[EventDate "2019.12.30"]
[EventType "swiss"]
[EventCountry "IND"]
[SourceTitle "playchess.com"]
[Source "ChessBase"]
[SourceQuality "1"]
[TimeControl "40/5400+30:1800+30"]

1. d4 Nf6 2. c4 e6 3. Nc3 Bb4 4. e3 O-O 5. Bd2 d5 6. Nf3 b6 7. cxd5 exd5 8. Bd3 Bb7 9. O-O Nbd7 10. Ne5 Bd6 11. f4 Ne4 12. Nxe4 dxe4 13. Bc4 Qe7 14. Rc1 c5 15. Nxd7 Qxd7 16. Bc3 Rad8 17. Qe2 Qe7 18. dxc5 Bxc5 19. f5 Qg5 20. Rce1 Bd5 21. Bxd5 Rxd5 22. b4 Rd3 23. bxc5 Rxc3 24. cxb6 axb6 25. Rf4 Rfc8 26. Rxe4 Qxf5 27. Rd4 h6 28. Rd2 Qe5 29. Qf2 Qe6 30. h3 Ra3 31. Rb2 Rca8 32. Ree2 R8a4 33. e4 Rxe4 34. Rxe4 Qxe4 35. Qxb6 Qe1+ 36. Kh2 Qe5+ 37. Kg1 Qe1+ 38. Kh2 Qe5+ 39. Kg1 Re3 40. Qb8+ Qxb8 41. Rxb8+ Kh7 42. Ra8 Re2 43. a4 Ra2 44. a5 Kg6 45. a6 Kg5 46. a7 f6 47. g3 h5 48. Kf1 Kg6 49. Kg1 Kg5 50. Kf1 Kf5 51. Kg1 h4 52. Rh8 Ke5 1/2-1/2

[Event "5th EKA IIFL Investment 2019"]
[Site "Mumbai"]
[Date "2019.12.31"]
[Round "2.47"]
[White "Debashis, Das"]
[Black "Ramakrishna, J.."]
[Result "1-0"]
[ECO "A61"]
[WhiteElo "2523"]
[BlackElo "2068"]
[Annotator "RC"]
[PlyCount "95"]
[EventDate "2019.12.30"]
[EventType "swiss"]
[EventCountry "IND"]
[SourceTitle "playchess.com"]
[Source "ChessBase"]
[SourceQuality "1"]
[TimeControl "40/5400+30:1800+30"]

1. d4 Nf6 2. c4 e6 3. Nc3 c5 4. d5 exd5 5. cxd5 d6 6. Nf3 g6 7. Nd2 a6 8. a4 Bg7 9. e4 O-O 10. Be2 Re8 11. O-O Nbd7 12. Qc2 Nh5 13. Bxh5 gxh5 14. b3 Ne5 15. Bb2 Qh4 16. Rae1 b5 17. Nd1 Qf4 18. Bc1 Bd7 19. Kh1 bxa4 20. bxa4 Rab8 21. Nc4 Qf6 22. Bb2 Rb4 23. Bxe5 dxe5 24. Ndb2 Reb8 25. Re3 h4 26. h3 Qg6 27. Ra3 R4b7 28. Re1 f6 29. Nd3 Bf8 30. Rc3 Rb4 31. Nxb4 cxb4 32. Rd3 b3 33. Qb2 Bxa4 34. d6 Qf7 35. Ne3 a5 36. Ra1 Bc6 37. Rxa5 Bxe4 38. Rd1 Qd7 39. Kg1 Bh6 40. Ng4 Bg7 41. Rc5 Rb7 42. Rc3 Bc2 43. Rxc2 bxc2 44. Qxc2 f5 45. Qa2+ Kf8 46. Qa8+ Kf7 47. Qxb7 Qxb7 48. d7 1-0

[Event "5th EKA IIFL Investment 2019"]
[Site "Mumbai"]
[Date "2019.12.31"]
[Round "2.48"]
[White "Chilukuri Sai Varshith"]
[Black "Nigmatov, Ortik"]
[Result "0-1"]
[ECO "E94"]
[WhiteElo "2118"]
[BlackElo "2474"]
[Annotator "RC"]
[PlyCount "84"]
[EventDate "2019.12.30"]
[EventType "swiss"]
[EventCountry "IND"]
[SourceTitle "playchess.com"]
[Source "ChessBase"]
[SourceQuality "1"]
[TimeControl "40/5400+30:1800+30"]

1. d4 Nf6 2. c4 g6 3. Nc3 Bg7 4. e4 d6 5. Nf3 O-O 6. Be2 e5 7. O-O Nbd7 8. d5 a5 9. Qc2 Nc5 10. Bg5 h6 11. Be3 b6 12. Nd2 Ne8 13. a3 f5 14. f3 Na6 15. Rab1 f4 16. Bf2 g5 17. b4 h5 18. bxa5 Nc5 19. axb6 cxb6 20. Rb4 g4 21. Rfb1 g3 22. hxg3 fxg3 23. Be3 Qh4 24. Nf1 Ra7 25. Rxb6 Raf7 26. Qd2 Bf6 27. a4 Rg7 28. Bxc5 dxc5 29. d6 Bg5 30. Qd5+ Kh7 31. Qxc5 Nf6 32. Nd5 Nd7 33. Qa3 Nxb6 34. Nxb6 Bb7 35. Qd3 Bc6 36. a5 Ra7 37. Ra1 Rb8 38. c5 Bb5 39. Qb3 Bxe2 40. c6 Bxf1 41. c7 Bc4 42. Qxc4 Qh2+ 0-1

[Event "5th EKA IIFL Investment 2019"]
[Site "Mumbai"]
[Date "2020.01.01"]
[Round "3.19"]
[White "Pranesh, M."]
[Black "Shyaamnikhil P"]
[Result "1-0"]
[ECO "B94"]
[WhiteElo "2317"]
[BlackElo "2455"]
[Annotator "RC"]
[PlyCount "67"]
[EventDate "2019.12.30"]
[EventType "swiss"]
[EventCountry "IND"]
[SourceTitle "playchess.com"]
[Source "ChessBase"]
[SourceQuality "1"]
[TimeControl "40/5400+30:1800+30"]

1. e4 c5 2. Nf3 d6 3. d4 cxd4 4. Nxd4 Nf6 5. Nc3 a6 6. Bg5 Nbd7 7. Bc4 h6 8. Bxf6 Nxf6 9. Qe2 e5 10. Nf3 Be6 11. Bxe6 fxe6 12. Nh4 g5 13. Ng6 Rg8 14. Nxf8 Rxf8 15. h4 g4 16. O-O-O h5 17. Qd2 Ke7 18. f4 gxf3 19. gxf3 Rc8 20. Rhg1 Rf7 21. f4 exf4 22. Qxf4 Rc5 23. Rgf1 b5 24. Kb1 Re5 25. a3 Qb6 26. Rd3 a5 27. Rdf3 b4 28. axb4 axb4 29. Ne2 Ra5 30. Nc1 Ra8 31. Qg5 Qa5 32. Nb3 Qa2+ 33. Kc1 Raf8 34. Qe5 1-0

[Event "5th EKA IIFL Investment 2019"]
[Site "Mumbai"]
[Date "2020.01.01"]
[Round "3.34"]
[White "Khusenkhojaev, Muhammad"]
[Black "Jubin Jimmy"]
[Result "1/2-1/2"]
[ECO "A05"]
[WhiteElo "2427"]
[BlackElo "2193"]
[Annotator "RC"]
[PlyCount "81"]
[EventDate "2019.12.30"]
[EventType "swiss"]
[EventCountry "IND"]
[SourceTitle "playchess.com"]
[Source "ChessBase"]
[SourceQuality "1"]
[TimeControl "40/5400+30:1800+30"]

1. Nf3 Nf6 2. c4 e6 3. g3 d5 4. d4 Bb4+ 5. Bd2 Be7 6. Bg2 O-O 7. O-O Nbd7 8. Qc2 c6 9. Rd1 b6 10. b3 Bb7 11. Nc3 c5 12. cxd5 exd5 13. Bf4 Rc8 14. Nb5 a6 15. Nd6 Bxd6 16. Bxd6 Re8 17. dxc5 bxc5 18. Bf4 Qb6 19. Re1 h6 20. Qc1 d4 21. Qa3 Ne4 22. Nd2 Nxd2 23. Bxb7 Qxb7 24. Bxd2 Re6 25. Qa4 d3 26. e4 Ne5 27. Re3 Rce8 28. Bc3 Ng4 29. Rxd3 Rxe4 30. Qd7 Qxd7 31. Rxd7 Re2 32. Rd2 R2e6 33. Rd7 Re2 34. Rd2 R2e6 35. Rd7 Re2 36. Rd2 R2e6 37. Rd7 Re2 38. Rd2 R2e6 39. Rd7 Re2 40. Rd2 R2e6 41. Rd7 1/2-1/2